 Dungeon Crawl Stone Soup version 0.28-a0-1033-g1a2f33fa85 (webtiles) character file.

Game seed: 341527981835371792

133 kae the Chopper (level 5, -1/45 HPs)
             Began as a Hill Orc Fighter on Dec 7, 2021.
             Slain by Pikel (4 damage)
             ... on level 3 of the Dungeon.
             The game lasted 00:03:46 (3293 turns).

kae the Chopper (Hill Orc Fighter)                  Turns: 3293, Time: 00:03:47

Health: -1/45      AC:  5    Str: 21    XL:     5   Next: 16%
Magic:  14/14      EV: 11    Int:  5    God:
Gold:   191        SH:  4    Dex:  7    Spells: 4/4 levels left

rFire   . . .      SeeInvis .   a - +0 war axe
rCold   . . .      Faith    .   c - +0 buckler
rNeg    . . .      Spirit   .   l - +1 leather armour "Potiy" {Will+++ MP+9 Int-3 Dex-3}
rPois   .          Reflect  .   (no helmet)
rElec   .          Harm     .   (no cloak)
rCorr   .          Rampage  .   i - +0 pair of gloves
Will    +++..                   (no boots)
Stlth   +.........              (no amulet)
HPRegen 0.15/turn               (no ring)
MPRegen 0.14/turn               (no ring)

@: mighty
A: no striking features
a: no special abilities


You were on level 3 of the Dungeon.
You visited 1 branch of the dungeon, and saw 4 of its levels.

You collected 191 gold pieces.

Inventory:

Hand Weapons
 a - a +0 war axe (weapon)
Armour
 c - a +0 buckler (worn)
 g - a +0 helmet
 h - a +0 chain mail
 i - a +0 pair of gloves (worn)
 l - the +1 leather armour "Potiy" (worn) {Will+++ MP+9 Int-3 Dex-3}
   (You found it on level 4 of the Dungeon)

   Int:       It affects your intelligence (-3).
   Dex:       It affects your dexterity (-3).
   MP:        It affects your magic capacity (+9).
   Will:      It greatly increases your willpower.
Wands
 k - a wand of flame (22)
Potions
 b - a potion of brilliance
 e - a potion of ambrosia
 f - 5 potions of curing


   Skills:
 - Level 3.6 Fighting
 + Level 6.9 Axes
 - Level 3.2 Armour
 - Level 3.2 Shields


You had 4 spell levels left.
You didn't know any spells.
Your spell library contained the following spells:

 Spells                   Type           Power      Damage    Failure   Level
 Magic Dart               Conj           0%         1d3       56%         1
 Sandblast                Erth           0%         2d4       56%         1
 Call Imp                 Summ           0%         N/A       71%         2
 Corpse Rot               Necr/Air       0%         N/A       71%         2
 Passwall                 Tmut/Erth      0%         N/A       71%         2
 Poisonous Vapours        Pois/Air       0%         N/A       71%         2
 Scorch                   Fire           0%         2d5       71%         2
 Mephitic Cloud           Conj/Pois/Air  0%         N/A       90%         3
 Stone Arrow              Conj/Erth      0%         3d7       90%         3
 Flame Wave               Conj/Fire      0%         2d4       100%        4
 Summon Cactus Giant      Summ           0%         N/A       100%        6


Dungeon Overview and Level Annotations

Branches:
Dungeon (4/15)
 Temple: D:4-7

Altars:
Gozag

Shops:
D:2 [

Annotations:
D:3 3 runed translucent doors, Pikel; VincentAMV's ghost, amateur GrFi


Message History

Pikel hits you with a +0 whip of flaming!
Pikel burns you.
You closely miss Pikel. Pikel barely misses you.
You barely miss Pikel. Pikel misses you.
You are too injured to fight recklessly!
You are too injured to fight recklessly!
You closely miss Pikel.
Pikel hits you with a +0 whip of flaming.
Pikel burns you.
You slash Pikel!
Pikel is moderately wounded.
You block Pikel's attack.
Pikel hits you with a +0 whip of flaming.
Pikel burns you.
You miss Pikel.
Pikel is moderately wounded.
Pikel hits you with a +0 whip of flaming.
Pikel burns you.
You closely miss Pikel.
Pikel is moderately wounded.
You block Pikel's attack.
You barely miss Pikel.
Pikel is moderately wounded.
Pikel hits you with a +0 whip of flaming.
* * * LOW HITPOINT WARNING * * *
Pikel burns you.
* * * LOW HITPOINT WARNING * * *
You miss Pikel.
Pikel is moderately wounded.
Pikel hits you with a +0 whip of flaming.
* * * LOW HITPOINT WARNING * * *
Pikel burns you.
* * * LOW HITPOINT WARNING * * *
You hit Pikel.
Pikel is moderately wounded.
You block Pikel's attack. Pikel barely misses you.
You slash Pikel!
Pikel is severely wounded.
Pikel hits you with a +0 whip of flaming.
You die...

#.# #.# #.# #.# #.# #.# ##
######### #.# #.# #. ........#
#.# #.######## #. .#......#
#.####.#......###. .#......#
#.............'.'. ##......####
#.####.#......###.
#.........#####@K....'.......##.
#.........##......##.#.......##.
#.........##......##.#.......###
##........#.......'..#.......#
#........#.......####.......#
#........#.......# #######'###
#........#.......# #.....
##........#.......# ###.....
#.................# #.......


You could see Pikel.

Vanquished Creatures
  Robin (D:3)
  An adder (D:2)
  An adder skeleton (D:4)
  3 worms
  3 dart slugs
  An orc (D:3)
  2 bats (D:1)
  5 endoplasms
  3 giant cockroaches
  4 hobgoblins
  9 jackals (D:3)
  6 kobolds
  4 quokkas
  9 ball pythons
  A frilled lizard (D:2)
  24 goblins
  6 rats
83 creatures vanquished.

Notes
Turn   | Place    | Note
-------+----------+-------------------------------------------
     0 | D:1      | kae the Hill Orc Fighter began the quest for the Orb.
     0 | D:1      | Reached XP level 1. HP: 19/19 MP: 1/1
    91 | D:1      | Reached skill level 3 in Axes
   279 | D:1      | Reached XP level 2. HP: 22/26 MP: 2/2
   474 | D:1      | Reached skill level 4 in Axes
   855 | D:1      | Reached XP level 3. HP: 28/31 MP: 3/3
  1325 | D:2      | Reached skill level 5 in Axes
  1583 | D:2      | Found Odasas's Armour Emporium.
  1790 | D:2      | Found a faded altar of an unknown god.
  1840 | D:2      | Reached XP level 4. HP: 39/39 MP: 4/4
  2253 | D:3      | Reached skill level 6 in Axes
  2626 | D:3      | Found a runed translucent gate.
  2627 | D:3      | Found a runed translucent gate.
  2628 | D:3      | Found an opulent altar of Gozag.
  2629 | D:3      | Found a runed translucent gate.
  2631 | D:3      | Noticed VincentAMV's ghost (amateur GrFi)
  2631 | D:3      | Noticed an ice beast
  2880 | D:3      | Noticed Robin
  2886 | D:3      | Reached XP level 5. HP: 35/45 MP: 5/5
  2886 | D:3      | Killed Robin
  3151 | D:4      | Identified the +1 leather armour "Potiy" {Will+++ MP+9
                  | Int-3 Dex-3}
  3274 | D:4      | Noticed Pikel
  3275 | D:4      | Noticed a lemure
  3275 | D:4      | Noticed a lemure
  3281 | D:4      | Noticed a lemure
  3293 | D:3      | Slain by Pikel

Illustrated notes

Levels and vault maps discovered:
D:1:      denvon_arrival_planthouse, layout_loops_ring,
          chequers_serial_rivers_small_a, st_stairs_6
D:2:      layout_loops_ring, ebering_ecumenical_altar_sacrificial, serial_shops,
          shop, corexii_item_surrounded_by_moat
D:3:      kennysheep_goblin_castle, layout_basic, ebering_ghost_gozag
D:4:      layout_rooms, uniq_pikel, uniq_natasha

Skill      XL: |  1  2  3  4 |
---------------+-------------+-----
Axes           | 3 4 5 6 |  6.9
Fighting       | |  3.6
Armour         | |  3.2
Shields        | |  3.2

Action                   |  1- 3 |  4- 6 || total
-------------------------+-------+-------++-------
Melee: War axe           |   119 |   118 ||   237
  Use: Scroll            |     2 |     2 ||     4
       Potion            |       |     1 ||     1
Armor: Scale mail        |    20 |       ||    20
       Chain mail        |    44 |    65 ||   109
Dodge: Dodged            |    42 |    40 ||    82
Block: Buckler           |    23 |    26 ||    49

Table legend: (Time is in decaauts)
 A = Elapsed time spent in this place.
 B = Non-inter-level travel time spent in this place.
 C = Inter-level travel time spent in this place.
 D = Time resting spent in this place.
 E = Time spent auto-exploring this place.
 F = Levels seen in this place.
 G = Mean time per level.
                   A        B        C        D        E       F      G
               +--------+--------+--------+--------+--------+-----+--------+
         Total |   3352 |   3310 |     42 |    222 |   2422 |   4 |  838.0 |
       Dungeon |   3352 |   3310 |     42 |    222 |   2422 |   4 |  838.0 |
               +--------+--------+--------+--------+--------+-----+--------+

Top non-repeatable levels by time:
     D:1: 1174 daAuts
     D:2: 1025 daAuts
     D:3: 1011 daAuts
     D:4: 141 daAuts
